 Dungeon Sprint DCSS version 0.29-a0-352-g0917bc69df (webtiles) character file.

Game seed: 12769677431300929890

94837 mhtbhm the Minotaur Porcupine (level 15, -2/174 HPs)
             Began as a Minotaur Berserker on Apr 23, 2022.
             Was the Champion of Trog.
             Constricted to death by a nagaraja (4 damage)
             ... in the Dungeon (Sprint IX: "|||||||||||||||||||||||||||||").
             The game lasted 00:13:30 (6713 turns).

mhtbhm the Minotaur Porcupine (Minotaur Berserker)  Turns: 6713, Time: 00:13:31

Health: -2/174     AC: 30    Str: 29    XL:     15   Next: 27%
Magic:  14/14      EV: 18    Int:  4    God:    Trog [******]
Gold:   256        SH:  0    Dex: 10    Spells: 14/14 levels left

rFire   + . .      SeeInvis .   a - +6 bardiche (vorpal)
rCold   . . .      Faith    .   (shield currently unavailable)
rNeg    . . .      Spirit   .   b - +1 swamp dragon scales
rPois   +          Reflect  .   (helmet restricted)
rElec   .          Harm     .   F - +1 cloak
rCorr   .          Rampage  .   v - +0 pair of gloves
Will    +....      NoTele   +   l - +1 pair of boots
Stlth   ++........              I - amulet of regeneration
HPRegen 1.19/turn               B - ring of protection from fire
MPRegen 0.14/turn               x - ring of the Tortoise {AC+8}

@: lethally poisoned (-2 -> -7), on berserk cooldown, slowed, constricted, very
slow
A: horns 2, retaliatory headbutt
}: 1/17 runes: barnacled
a: Renounce Religion, Berserk, Trog's Hand, Brothers in Arms


You were in the Dungeon.
You worshipped Trog.
Trog was exalted by your worship.
You visited 1 branch You collected 1928 gold pieces.
You spent 1672 gold pieces at shops.

Inventory:

Hand Weapons
 a - a +6 vorpal bardiche (weapon)
 o - the +2 halberd of the Original Sin {holy, rF++ rC- Dex+3}
   (You found it in the Dungeon)

   It has been blessed by the Shining One to cause great damage to the undead
   and demons.
   Dex:       It affects your dexterity (+3).
   rF:        It greatly protects you from fire.
   rC:        It makes you vulnerable to cold.
 w - the +11 halberd "Gerroubu" {flame, rF+ Dex+5}
   (Trog gifted it to you in the Dungeon)

   It burns those it strikes, dealing additional fire damage.
   Big, fiery blades are also staple armaments of hydra-hunters.
   Dex:       It affects your dexterity (+5).
   rF:        It protects you from fire.
 G - a +2 demon trident of freezing
Missiles
 m - 2 silver javelins (quivered)
 n - 2 javelins
 A - 5 throwing nets
Armour
 b - +1 swamp dragon scales (worn)
 l - a +1 pair of boots (worn)
 v - a +0 pair of gloves (worn)
 y - a +2 kite shield of reflection
 F - a +1 cloak (worn)
 K - a +0 tower shield of poison resistance
Jewellery
 q - a ring of poison resistance
 x - the ring of the Tortoise (right hand) {AC+8}
   (You bought it in a shop in the Dungeon)

   [ring of protection]

   AC:        It affects your AC (+8).
 B - a ring of protection from fire (left hand)
 D - a ring of protection from cold
 H - a +4 ring of evasion
 I - an amulet of regeneration (around neck)
 J - a +2 ring of slaying
Wands
 j - a wand of iceblast (8)
Scrolls
 h - 4 scrolls of blinking
 r - 3 scrolls of fear
 s - a scroll of identify
 t - 3 scrolls of fog
 u - 4 scrolls of enchant weapon
 z - a scroll of summoning
 L - 2 scrolls of enchant armour
Potions
 c - 6 potions of curing
 d - 8 potions of heal wounds
 e - 2 potions of haste
 f - 4 potions of magic
 g - 2 potions of berserk rage
 i - a potion of flight
 k - 2 potions of mutation
 p - 2 potions of might


   Skills:
 O Level 27 Fighting
 O Level 27 Polearms
 + Level 0.5 Throwing
 + Level 21.8 Armour
 O Level 27 Dodging
 - Level 5.7 Stealth
 * Level 10.9 Shields
 + Level 1.7 Evocations


You had 14 spell levels left.
You didn't know any spells.
Your spell library was empty.

Dungeon Overview and Level Annotations

Branches:
Dungeon (1/1)

Altars:
Cheibriados
Dithmenos
Elyvilon
Fedhas
Gozag
Hepliaklqana
Kikubaaqudgha
Makhleb
Nemelex Xobeh
Okawaru
Qazlal
Ru
Sif Muna
Trog
Uskayaw
Vehumet
Wu Jian
Xom
Yredelemnul
Zin
The Shining One
Beogh
Jiyva
Lugonu

Shops:
D *=:=


Innate Abilities, Weirdness & Mutations

You have a pair of horns on your head.
You reflexively headbutt those who attack you in melee.


Message History

You are more poisoned.
You resist.
The bolt of poison hits the naga warrior!
The nagaraja constricts you.
The naga warrior hits you from afar with a +0 trident!!
The naga mage points at something and mumbles some strange words.
The nagaraja spits poison at you.
The splash of poison hits you but does no damage.
You are more poisoned.
You resist. The nagaraja constricts you.
Unknown command.
You slash the nagaraja! You headbutt the nagaraja!
The nagaraja is almost dead.
You feel extremely sick.
The nagaraja looks more healthy.
The naga warrior misses you.
The nagaraja points at you and mumbles some strange words.
The bolt of poison hits you. You resist.
The bolt of poison hits the naga warrior.
The naga warrior looks even sicker.
The nagaraja constricts you.
You barely miss the nagaraja. Your headbutt misses the nagaraja.
The nagaraja is almost dead.
You feel very sick. The nagaraja hits you with a +0 flail!!
* * * LOW HITPOINT WARNING * * *
The nagaraja constricts you. The naga warrior spits poison at you.
The splash of poison misses you.
The splash of poison hits the nagaraja but does no damage.
The nagaraja hits you but does no damage.
The nagaraja constricts you.
The naga mage casts a spell.
The naga mage seems to speed up.
You hit the nagaraja.
The nagaraja is almost dead.
You feel very sick. The naga warrior misses you.
The nagaraja hits you with a +0 flail!!!
* * * LOW HITPOINT WARNING * * *
The nagaraja constricts you.
You die...

').....[)........)))....).)).....
▓▓▓▓▓▓▓▓▓▓▓▓▓▓▓▓▓▓▓▓▓▓▓▓▓▓▓▓▓▓▓▓▓
.....................)...........
▓▓▓▓▓▓▓▓▓▓▓▓▓▓▓▓▓▓▓▓▓▓▓▓▓▓▓▓▓▓▓▓▓
[[[[.[...))))))....=..=.'........
▓▓▓▓▓▓▓▓▓▓▓▓▓▓▓▓▓▓▓▓▓▓▓▓▓▓▓▓▓▓▓▓▓
..................)..............
▓▓▓▓▓▓▓▓▓▓▓▓▓▓▓▓▓▓▓▓▓▓▓▓▓▓▓▓▓▓▓▓▓
(..N.N)@N....)))))))'...
▓▓▓▓▓▓▓▓▓▓▓▓▓▓▓▓▓▓▓▓▓▓▓▓


You could see a nagaraja (fast, strong), a naga warrior (curare, very poisoned,
catching breath) and a naga mage (fast, strong).

Vanquished Creatures
  Mara (D)
  Boris (D)
  Saint Roka (D)
  Jory (D)
  Donald (D)
  Ilsuiw (D)
  4 nagarajas (D)
  A fire giant (D)
  3 vault wardens (D)
  4 ironbound preservers (D)
  2 very ugly things (D)
  2 stone giants (D)
  An eleionoma (D)
  An entropy weaver (D)
  A dire elephant (D)
  An ettin (D)
  4 merfolk javelineers (D)
  3 fire dragons (D)
  5 merfolk impalers (D)
  A shambling mangrove (D)
  A yaktaur captain (D)
  Harold (D)
  2 great orbs of eyes (D)
  A rakshasa (D)
  A boulder beetle (D)
  A hydra (D)
  2 spriggan air magi (D)
  A radroach (D)
  Erolcha (D)
  3 merfolk aquamancers (D)
  A catoblepas (D)
  A centaur warrior (D)
  An alligator (D)
  A naga warrior (D)
  A deep troll shaman (D)
  A tengu warrior (D)
  A deep troll earth mage (D)
  A vampire mage (D)
  A naga sharpshooter (D)
  A spriggan berserker (D)
  A shock serpent (D)
  An orc high priest (D)
  2 spriggans (D)
  2 pharaoh ants (D)
  A goliath frog (D)
  A sea snake (D)
  A naga ritualist (D)
  2 swamp dragons (D)
  2 harpies (D)
  An ironbound convoker (D)
  A wizard (D)
  2 lindwurms (D)
  2 orc knights (D)
  2 manticores (D)
  7 orc sorcerers (D)
  A wolf spider (D)
  A necromancer (D)
  An oklob plant (D)
  2 salamanders (D)
  A black mamba (D)
  A gargoyle (D)
  3 guardian serpents (D)
  A vault sentinel (D)
  A water nymph (D)
  2 torpor snails (D)
  4 cane toads (D)
  An unseen horror (D)
  A rime drake (D)
  2 freezing wraiths (D)
  A tengu conjurer (D)
  2 komodo dragons (D)
  3 tyrant leeches (D)
  A guardian mummy (D)
  A troll (D)
  2 slime creatures (D)
  A merfolk (D)
  3 blink frogs (D)
  A wind drake (D)
  4 hornets (D)
  2 snapping turtles (D)
  A culicivora (D)
  2 jumping spiders (D)
  A wyvern (D)
  4 yaks (D)
  A water elemental (D)
  4 basilisks (D)
  A vampire mosquito (D)
  A naga (D)
  An acid dragon (D)
  A water moccasin (D)
  10 orc warriors (D)
  An ogre (D)
  A boggart (D)
  A wolf (D)
  A centaur (D)
  2 bullfrogs (D)
  8 orc priests (D)
  3 hounds (D)
  An iguana (D)
  8 orc wizards (D)
  A hell rat (D)
  8 orcs (D)
  An endoplasm (D)
  A kobold (D)
  2 bats (D)
  A rat (D)
201 creatures vanquished.

Vanquished Creatures (collateral kills)
  A stone giant (D)
  A spriggan berserker (D)
  A tengu warrior (D)
  A flayed ghost (D)
  2 glowing orange brains (D)
  An ironbound convoker (D)
  A slime creature (D)
  A spriggan (D)
9 creatures vanquished.

Vanquished Creatures (others)
  A wizard (D)
  An orc wizard (D)
2 creatures vanquished.

Grand Total: 212 creatures vanquished

Notes
Turn   | Place    | Note
-------+----------+-------------------------------------------
     0 | D        | mhtbhm the Minotaur Berserker began the quest for the Orb.
     0 | D        | Reached XP level 1. HP: 19/19 MP: 0/0
     8 | D        | Reached ** piety under Trog
    69 | D        | Noticed an iguana
    69 | D        | Noticed a hound
    69 | D        | Noticed a hound
    69 | D        | Noticed a hound
    74 | D        | Killed a hound
    74 | D        | Reached *** piety under Trog
    75 | D        | Reached skill level 5 in Fighting
    75 | D        | Reached XP level 2. HP: 28/30 MP: 1/1
    75 | D        | Reached XP level 3. HP: 34/37 MP: 2/2
    83 | D        | Reached XP level 4. HP: 37/47 MP: 3/3
    92 | D        | Found a snail-covered altar of Cheibriados.
    92 | D        | Found a shadowy altar of Dithmenos.
    92 | D        | Found a white marble altar of Elyvilon.
    92 | D        | Found a blossoming altar of Fedhas.
    92 | D        | Found an opulent altar of Gozag.
    93 | D        | Found a hazy altar of Hepliaklqana.
    94 | D        | Found a viscous altar of Jiyva.
    95 | D        | Found an ancient bone altar of Kikubaaqudgha.
    96 | D        | Found a corrupted altar of Lugonu.
    97 | D        | Found a burning altar of Makhleb.
    98 | D        | Found a sparkling altar of Nemelex Xobeh.
    99 | D        | Found an iron altar of Okawaru.
   100 | D        | Found a stormy altar of Qazlal.
   101 | D        | Found a sacrificial altar of Ru.
   102 | D        | Found a shimmering blue altar of Sif Muna.
   103 | D        | Found a bloodstained altar of Trog.
   104 | D        | Found a hide-covered altar of Uskayaw.
   105 | D        | Found a radiant altar of Vehumet.
   106 | D        | Found an ornate altar of the Wu Jian Council.
   107 | D        | Found a shimmering altar of Xom.
   108 | D        | Found a basalt altar of Yredelemnul.
   109 | D        | Found a glowing silver altar of Zin.
   110 | D        | Found a glowing golden altar of the Shining One.
   127 | D        | Got the +2 halberd of the Original Sin {holy, rF++ rC-
                  | Dex+3}
   270 | D        | Noticed a centaur
   270 | D        | Noticed a yak
   270 | D        | Noticed a wyvern
   270 | D        | Noticed a hornet
   270 | D        | Noticed a yak
   274 | D        | Killed a yak
   275 | D        | Reached skill level 10 in Polearms
   275 | D        | Reached skill level 5 in Armour
   275 | D        | Reached skill level 5 in Dodging
   275 | D        | Reached XP level 5. HP: 58/58 MP: 4/4
   275 | D        | Reached XP level 6. HP: 66/66 MP: 5/5
   276 | D        | Killed a hornet
   276 | D        | Reached **** piety under Trog
   281 | D        | Killed a wyvern
   282 | D        | Reached XP level 7. HP: 75/75 MP: 6/6
   287 | D        | Killed an unseen horror
   290 | D        | Killed a yak
   290 | D        | Reached ***** piety under Trog
   291 | D        | Reached XP level 8. HP: 85/85 MP: 7/7
   346 | D        | Noticed a slime creature
   346 | D        | Noticed a gargoyle
   346 | D        | Noticed a manticore
   346 | D        | Noticed a troll
   351 | D        | Killed a troll
   358 | D        | Killed a manticore
   359 | D        | Reached skill level 15 in Polearms
   366 | D        | Killed a gargoyle
   367 | D        | Reached XP level 9. HP: 96/96 MP: 8/8
   372 | D        | Received a gift from Trog
   373 | D        | Reached skill level 15 in Fighting
   515 | D        | Noticed a cane toad
   515 | D        | Noticed a cane toad
   522 | D        | Killed a cane toad
   531 | D        | Killed a cane toad
   532 | D        | Noticed an oklob plant
   572 | D        | Noticed a rime drake
   579 | D        | Killed an oklob plant
   579 | D        | Reached ****** piety under Trog
   579 | D        | Received a gift from Trog
   587 | D        | Killed a rime drake
   588 | D        | Reached skill level 10 in Armour
   588 | D        | Reached XP level 10. HP: 107/107 MP: 9/9
   595 | D        | Noticed a torpor snail
   615 | D        | Reached skill level 1 in Stealth
   616 | D        | Noticed a cane toad
   617 | D        | Killed a torpor snail
   626 | D        | Received a gift from Trog
   632 | D        | Killed a cane toad
   759 | D        | Noticed a cane toad
   761 | D        | Killed a cane toad
   785 | D        | Identified the +11 halberd "Gerroubu" {flame, rF+ Dex+5}
                  | (Trog gifted it to you in the Dungeon)
   785 | D        | Received a gift from Trog
  1188 | D        | Noticed Erolcha
  1193 | D        | Killed Erolcha
  1194 | D        | Reached XP level 11. HP: 118/118 MP: 10/10
  1254 | D        | Received a gift from Trog
  1256 | D        | Noticed an orc knight
  1266 | D        | Killed an orc knight
  1348 | D        | Received a gift from Trog
  1358 | D        | Noticed an orc high priest
  1366 | D        | Killed an orc high priest
  1366 | D        | Received a gift from Trog
  1370 | D        | Noticed an orc knight
  1376 | D        | Killed an orc knight
  1482 | D        | Found Myleottiu's Jewellery Boutique.
  1482 | D        | Noticed an orc sorcerer
  1482 | D        | Noticed an orc sorcerer
  1486 | D        | Killed an orc sorcerer
  1486 | D        | Received a gift from Trog
  1487 | D        | Reached skill level 1 in Evocations
  1487 | D        | Noticed a sixfirhy
  1489 | D        | Noticed a soul eater
  1490 | D        | Noticed an orc sorcerer
  1497 | D        | Found Dejithe's Book Shop.
  1498 | D        | Killed an orc sorcerer
  1501 | D        | Received a gift from Trog
  1502 | D        | Found Huvel's Jewellery Boutique.
  1504 | D        | Paralysed by an orc sorcerer for 3 turns
  1510 | D        | Killed an orc sorcerer
  1512 | D        | Found Husesua's Assorted Antiques.
  1514 | D        | Noticed an orc sorcerer
  1525 | D        | Killed an orc sorcerer
  1557 | D        | Noticed an orc sorcerer
  1558 | D        | Noticed an orc sorcerer
  1560 | D        | Noticed an orc sorcerer
  1561 | D        | Killed an orc sorcerer
  1561 | D        | Received a gift from Trog
  1566 | D        | Noticed a sun demon
  1571 | D        | Killed an orc sorcerer
  1577 | D        | Killed an orc sorcerer
  1594 | D        | Bought the ring of the Tortoise {AC+8} for 1408 gold pieces
  1594 | D        | Found the ring of the Tortoise {AC+8}
  1598 | D        | Bought a scroll labelled YGHIDW PEOXIBB for 22 gold pieces
  1598 | D        | Bought a potion of haste for 220 gold pieces
  1598 | D        | Bought a scroll labelled WAXO NUOLIE for 22 gold pieces
  1654 | D        | Noticed Harold
  1665 | D        | Killed Harold
  1665 | D        | Received a gift from Trog
  1666 | D        | Reached skill level 15 in Armour
  1823 | D        | Noticed a centaur warrior
  1823 | D        | Noticed a catoblepas
  1859 | D        | Killed a catoblepas
  1859 | D        | Noticed a wizard
  1876 | D        | Noticed an ettin
  1877 | D        | Killed a centaur warrior
  1877 | D        | Noticed a deep troll shaman
  1878 | D        | Reached XP level 12. HP: 84/134 MP: 11/11
  1884 | D        | Noticed a fire dragon
  1884 | D        | Noticed a fire dragon
  2072 | D        | Killed an ettin
  2073 | D        | Reached skill level 10 in Dodging
  2462 | D        | Killed a deep troll shaman
  2521 | D        | Killed a fire dragon
  2524 | D        | Killed a fire dragon
  2559 | D        | Noticed a fire dragon
  2569 | D        | Killed a fire dragon
  2569 | D        | Received a gift from Trog
  2682 | D        | Noticed a green very ugly thing
  2695 | D        | Killed a green very ugly thing
  3371 | D        | Noticed a nagaraja
  3390 | D        | Killed a nagaraja
  3399 | D        | Received a gift from Trog
  3547 | D        | Noticed an entropy weaver
  3547 | D        | Noticed a radroach
  3554 | D        | Killed a radroach
  3556 | D        | Killed an entropy weaver
  3556 | D        | Received a gift from Trog
  3560 | D        | Reached XP level 13. HP: 146/146 MP: 12/12
  3684 | D        | Received a gift from Trog
  3732 | D        | Noticed an eleionoma
  3747 | D        | Killed an eleionoma
  3756 | D        | Reached skill level 5 in Stealth
  3756 | D        | Received a gift from Trog
  3763 | D        | Reached skill level 27 in Polearms
  3893 | D        | Received a gift from Trog
  4065 | D        | Acquired a manual of Dodging
  4122 | D        | Noticed Saint Roka
  4126 | D        | Received a gift from Trog
  4136 | D        | Killed Saint Roka
  4137 | D        | Reached skill level 15 in Dodging
  4249 | D        | Noticed a green very ugly thing
  4255 | D        | Noticed a stone giant
  4263 | D        | Killed a green very ugly thing
  4267 | D        | Received a gift from Trog
  4286 | D        | Killed a stone giant
  4292 | D        | Received a gift from Trog
  4308 | D        | Noticed a fire giant
  4320 | D        | Killed a fire giant
  4321 | D        | Reached XP level 14. HP: 147/160 MP: 13/13
  4341 | D        | Noticed a stone giant
  4353 | D        | Killed a stone giant
  4353 | D        | Received a gift from Trog
  4508 | D        | Noticed a stone giant
  4519 | D        | Killed a stone giant
  4525 | D        | Received a gift from Trog
  4681 | D        | Noticed an ironbound preserver
  4689 | D        | Killed an ironbound preserver
  4699 | D        | Received a gift from Trog
  4706 | D        | Noticed an ironbound preserver
  4708 | D        | Noticed a vault warden
  4708 | D        | Noticed an ironbound preserver
  4716 | D        | Killed a vault warden
  4721 | D        | Killed an ironbound preserver
  4725 | D        | Killed an ironbound preserver
  4732 | D        | Received a gift from Trog
  4733 | D        | Noticed a vault warden
  4754 | D        | Killed a vault warden
  4762 | D        | Noticed an ironbound preserver
  4763 | D        | Received a gift from Trog
  4767 | D        | Killed an ironbound preserver
  4787 | D        | Noticed a vault warden
  4798 | D        | Killed a vault warden
  5126 | D        | Noticed Boris
  5635 | D        | Killed Boris
  5635 | D        | Received a gift from Trog
  5739 | D        | Noticed Donald
  5753 | D        | Killed Donald
  5898 | D        | Noticed Mara
  5911 | D        | Killed Mara
  5912 | D        | Reached skill level 27 in Dodging
  6180 | D        | Noticed Jory
  6198 | D        | Killed Jory
  6389 | D        | Noticed Ilsuiw
  6395 | D        | Reached XP level 15. HP: 170/170 MP: 14/14
  6399 | D        | Killed Ilsuiw
  6399 | D        | Received a gift from Trog
  6404 | D        | Reached skill level 5 in Shields
  6423 | D        | Received a gift from Trog
  6439 | D        | Got a barnacled rune of Zot
  6683 | D        | Noticed a nagaraja
  6683 | D        | Noticed a nagaraja
  6683 | D        | Noticed a nagaraja
  6684 | D        | Noticed a nagaraja
  6689 | D        | Killed a nagaraja
  6690 | D        | Reached skill level 27 in Fighting
  6692 | D        | Received a gift from Trog
  6699 | D        | Killed a nagaraja
  6706 | D        | Killed a nagaraja
  6707 | D        | Reached skill level 10 in Shields
  6708 | D        | Received a gift from Trog
  6713 | D        | HP: 2/174 [nagaraja/+0 flail (36)]
  6713 | D        | Constricted to death by a nagaraja

Illustrated notes

Levels and vault maps discovered:
D:        linesprint [early_d, line_temple, items_1, d_10, items_2, lair_1,
          lair_end, items_3, orc_1, orc_end, items_4, d_15, swamp_1, shoals_1,
          snake_1, spider_1, d_20, vaults_1, items_5, swamp_end, shoals_end,
          snake_end, spider_end, vaults_end, d_27, items_6, zot_1, zot_end,
          crypt_end, forest_end, elf_end, slime_end, tomb_end, abyss_end,
          pan_hell_end]

Skill      XL: |  1  2  3  4  5  6  7  8  9 10 11 12 13 14 15 |
---------------+----------------------------------------------+-----
Fighting       | 5 7 9 11 12 14 16 17 20 22 24 25 27 | 27.0
Polearms       | 6 7 10 12 13 16 18 20 23 26 27 | 27.0
Armour         | 3 4 5 6 8 10 12 15 17 18 21 | 21.8
Dodging        | 3 4 5 6 7 8 9 11 21 27 | 27.0
Stealth        | 2 4 5 |  5.7
Evocations     | 1 |  1.7
Shields        | 4 10 | 10.9
Throwing       | |  0.5

Action                   |  1- 3 |  4- 6 |  7- 9 | 10-12 | 13-15 || total
-------------------------+-------+-------+-------+-------+-------++-------
Melee: Spear             |    22 |     3 |       |       |       ||    25
       Headbutt          |     1 |       |    10 |    34 |    52 ||    97
       Halberd           |       |    10 |    33 |    74 |       ||   117
       Glaive            |       |       |    25 |    57 |       ||    82
       Bardiche          |       |       |       |   119 |   320 ||   439
Throw: Javelin           |       |       |       |       |     1 ||     1
Invok: Berserk           |     1 |     1 |     2 |     9 |    14 ||    27
       Brothers in Arms  |       |       |       |     2 |     6 ||     8
Evoke: Wand              |       |       |       |     2 |       ||     2
  Use: Potion            |       |       |     1 |     3 |     2 ||     6
       Scroll            |       |       |       |     2 |     4 ||     6
 Stab: Invisible         |       |       |     2 |       |       ||     2
Armor: Animal skin       |     3 |       |       |       |       ||     3
       Plate armour      |       |    11 |    19 |    40 |       ||    70
       Swamp dragon scal |       |       |       |    55 |   102 ||   157
Dodge: Dodged            |     3 |     2 |    15 |    72 |   126 ||   218

Table legend: (Time is in decaauts)
 A = Elapsed time spent in this place.
 B = Non-inter-level travel time spent in this place.
 C = Inter-level travel time spent in this place.
 D = Time resting spent in this place.
 E = Time spent auto-exploring this place.
 F = Levels seen in this place.
 G = Mean time per level.
                   A        B        C        D        E       F      G
               +--------+--------+--------+--------+--------+-----+--------+
         Total |   6718 |   6718 |      0 |   3712 |    584 |   1 | 6718.0 |
       Dungeon |   6718 |   6718 |      0 |   3712 |    584 |   1 | 6718.0 |
               +--------+--------+--------+--------+--------+-----+--------+

Top non-repeatable levels by time:
       D: 6718 daAuts
